 Dungeon Crawl Stone Soup version 0.30-a0-585-g93115170b9 (webtiles) character file.

Game seed: 14646931919812268095

41058 bmack86 the Severer (level 13, -5/119 HPs)
             Began as a Minotaur Fighter on Jan 1, 2023.
             Was a High Priest of Okawaru.
             Shot with an arrow by Nessos (6 damage)
             ... on level 3 of the Lair of Beasts on Jan 2, 2023.
             The game lasted 00:41:25 (13467 turns).

bmack86 the Severer (Minotaur Fighter)             Turns: 13467, Time: 00:41:25

Health: -5/119     AC: 29    Str: 29    XL:     13   Next: 78%
Magic:  0/17       EV: 11    Int:  5    God:    Okawaru [*****.]
Gold:   1011       SH:  9    Dex: 16    Spells: 12/12 levels left

rFire   . . .      SeeInvis .    L - +6 broad axe (drain)
rCold   . . .      Faith    .    c - +0 buckler
rNeg    . . .      Spirit   +    k - +2 plate armour
rPois   +          Reflect  .    x - +2 hat
rElec   .          Harm     .    A - +2 cloak
rCorr   +          Rampage  .    T - +2 pair of gloves
Will    .....                    (no boots) Stlth
                                 S - amulet of Simees {Spirit rCorr Str+3}
HPRegen 0.39/turn                l - +6 ring of dexterity
MPRegen 0.15/turn                y - ring of poison resistance

@: lethally poisoned (-5 -> -9), heroic, finesse-ful
A: horns 2, retaliatory headbutt
a: Renounce Religion, Heroism, Finesse, Duel


You were on level 3 of the Lair of Beasts.
You worshipped Okawaru.
Okawaru was extremely pleased with you.
You visited 3 branches of the dungeon, and saw 15 of its levels.
You also visited: Sewer.

You collected 1011 gold pieces.

Inventory:

Hand Weapons
 L - a +6 broad axe of draining (weapon)
 P - a +2 battleaxe of flaming
Missiles
 q - 65 poisoned darts
 w - 12 curare-tipped darts (quivered)
 J - 2 throwing nets
Armour
 c - a +0 buckler (worn)
 k - a +2 plate armour (worn)
 o - a +0 pair of gloves of hurling
 x - a +2 hat (worn)
 A - a +2 cloak (worn)
 G - the +6 plate armour "Rygosk" {*Slow Dex+6 Stlth+}
   (You found it on level 8 of the Dungeon)

   Dex:       It affects your dexterity (+6).
   *Slow:     It may slow you when you take damage.
   Stlth:     It makes you more stealthy.
 T - a +2 pair of gloves (worn)
Jewellery
 d - an amulet of the acrobat
 i - a +6 ring of dexterity
 j - a ring of protection from cold
 l - a +6 ring of dexterity (left hand)
 m - a ring of resist corrosion
 n - a ring of positive energy
 r - an amulet of reflection
 t - a ring of magical power
 y - a ring of poison resistance (right hand)
 B - a +6 ring of intelligence
 S - the amulet of Simees (around neck) {Spirit rCorr Str+3}
   (You found it on level 10 of the Dungeon)

   [amulet of guardian spirit]

   It causes incoming damage to be divided between your reserves of health and
   magic.
   Str:       It affects your strength (+3).
   rCorr:     It protects you from acid and corrosion.
Wands
 s - a wand of flame (35)
 R - a wand of mindburst (8)
 U - a wand of polymorph (8)
 Y - a wand of digging (7)
Scrolls
 a - a scroll of silence
 g - 10 scrolls of teleportation
 h - 3 scrolls of blinking
 u - a scroll of poison
 v - 3 scrolls of fog
 W - 4 scrolls of identify
 X - a scroll of fear
Potions
 b - 12 potions of curing
 e - 9 potions of heal wounds
 f - 9 potions of flight
 p - 3 potions of berserk rage
 z - 2 potions of haste
 C - 2 potions of might
 N - 3 potions of cancellation
 O - a potion of attraction
 V - 3 potions of brilliance
Miscellaneous
 I - a piece from Xom's chessboard (15/15)


   Skills:
 + Level 12.4(17.4) Fighting
 * Level 16.5(21.5) Axes
 + Level 8.1(13.1) Throwing
 + Level 12.4(17.4) Armour
 + Level 12.3(17.3) Shields
 + Level 7.1 Invocations


You had 12 spell levels left.
You didn't know any spells.
Your spell library contained the following spells:

 Spells                   Type           Power      Damage    Failure   Level
 Magic Dart               Conj           0%         1d3       96%         1
 Necrotise                Necr           0%         1d4       96%         1
 Sandblast                Erth           0%         2d4       96%         1
 Cigotuvi's Dreadful Rot  Necr/Pois/Air  0%         N/A       99%         2
 Passwall                 Tmut/Erth      0%         N/A       99%         2
 Poisonous Vapours        Pois/Air       0%         N/A       99%         2
 Searing Ray              Conj           0%         2d4       99%         2
 Dazzling Flash           Conj/Hex       0%         N/A       100%        3
 Mephitic Cloud           Conj/Pois/Air  0%         N/A       100%        3
 Ozocubu's Armour         Ice            0%         N/A       100%        3
 Stone Arrow              Conj/Erth      0%         3d7       100%        3
 Vampiric Draining        Necr           0%         2d6       100%        3
 Dispel Undead            Necr           0%         3d6       100%        4
 Fulminant Prism          Conj/Hex       0%         3d5       100%        4
 Agony                    Necr           0%         N/A       100%        5
 Alistair's Intoxication  Tmut/Pois      0%         N/A       100%        5
 Borgnjor's Vile Clutch   Necr/Erth      0%         N/A       100%        5
 Metabolic Englaciation   Hex/Ice        0%         N/A       100%        5
 Silence                  Hex/Air        0%         N/A       100%        5
 Eringya's Noxious Bog    Tmut/Pois      0%         N/A       100%        6
 Borgnjor's Revivificati  Necr           0%         N/A       100%        8
 Death's Door             Necr           0%         N/A       100%        9
 Death Channel            Necr           Unusable   N/A       N/A         6
 Simulacrum               Ice/Necr       Unusable   N/A       N/A         6

Dungeon Overview and Level Annotations

Branches:
Dungeon (11/15)            Temple (1/1) D:4            Lair (3/5) D:11
  Swamp (0/4) Lair:2        Snake (0/4) Lair:3        Sewer (visited)
    Orc: D:9-12

Altars:
Ashenzari
Cheibriados
Dithmenos
Elyvilon
Fedhas
Gozag
Hepliaklqana
Kikubaaqudgha
Makhleb
Nemelex Xobeh
Okawaru
Qazlal
Ru
Sif Muna
Trog
Uskayaw
Vehumet
Wu Jian
Xom
Yredelemnul
Zin
The Shining One

Annotations:
Lair:3 Nessos


Innate Abilities, Weirdness & Mutations

You have a pair of horns on your head.
You reflexively headbutt those who attack you in melee.


Message History

Nessos gestures wildly while chanting.
Nessos blinks!
You slice Gastronok!!
Gastronok is almost dead.
You feel sick.
Nessos shoots an arrow.
The arrow hits you! The arrow burns you.
You are more poisoned.
You slice Gastronok!!
You kill Gastronok!
Okawaru is honoured by your kill.
You feel sick.
Nessos shoots an arrow.
The arrow hits you! The arrow burns you.
You feel very sick.
Nessos shoots an arrow.
You block the arrow.
Things that are here:
a +0 hat of see invisible; the elephant slug corpse of Gastronok You feel very sick.
Nessos shoots an arrow.
The arrow misses you.
Nessos shoots an arrow.
The arrow barely misses you.
You feel very sick.
Nessos shoots an arrow.
The arrow barely misses you.
Okay, then.
You feel much better.
You feel very sick.
Nessos mumbles some strange words.
Nessos blinks!
Nessos shoots an arrow.
You block the arrow.
Nessos shoots an arrow.
The arrow barely misses you.
Okay, then.
You feel very sick.
Nessos shoots an arrow.
The arrow hits you!
* * * LOW HITPOINT WARNING * * *
The arrow burns you.
* * * LOW HITPOINT WARNING * * *
Nessos intently looks at you, slowly moving their tail.
Nessos shoots an arrow.
The arrow hits you!
* * * LOW HITPOINT WARNING * * *
The arrow burns you.
* * * LOW HITPOINT WARNING * * *
You feel sick.
Nessos shoots an arrow.
The arrow hits you!
* * * LOW HITPOINT WARNING * * *
The arrow burns you.
You die...

#.....## #..#....##
#..... ### #####...####
.......##.# #.......##P#
#.###...".####.....#....#
.# ##.§..........##....#
##c#...........####...
###.............# #....
..............## #P...
.......@...[..# #P..#
########......# ###..#
#.#..†.# ##.#.##
#..###.## #.#....
#..##.#.####.....
#..#####..#.##..# #.##
###.#.#### ### #####


You could see Nessos (fast).

Vanquished Creatures
  Gastronok (Lair:3)
  The ghost of Takou the Cleaver, a journeyman AtFi of Makhleb (Lair:2)
  The ghost of OTABOTABOTAB the Transmogrifier, a journeyman DrTm of Cheibriados (D:11)
  An ogre mage (D:10)
  A hydra (Lair:2)
  The ghost of Wiilli the Fighter, a journeyman GrEE of Qazlal (D:10)
  7 two-headed ogres
  4 death yaks (Lair:2)
  A deep troll (D:10)
  2 bog bodies (Lair:2)
  2 cyclopes
  A moth of wrath (D:10)
  An ugly thing (D:11)
  2 manticores (D:11)
  6 elephants (Lair:1)
  A gargoyle (D:10)
  6 cane toads
  6 kobold demonologists
  4 komodo dragons
  2 trolls (D:10)
  2 hornets (D:9)
  10 blink frogs
  Sigmund (D:6)
  A vampire (D:11)
  2 shadows (D:11)
  A wraith (D:11)
  6 wyverns
  49 yaks
  7 basilisks
  2 steam dragons
  5 water moccasins
  A swamp drake (D:11)
  2 black bears
  An orc warrior (D:10)
  An ogre (D:5)
  3 ice beasts
  5 centaurs
  14 wolves
  A phantom (D:7)
  15 kobold brigands
  Blork the orc (D:6)
  12 bullfrogs
  3 necrophages
  A gnoll sergeant (D:10)
  3 scorpions
  7 wights
  A killer bee (D:9)
  An electric eel (Lair:2)
  A howler monkey (D:8)
  A wyvern simulacrum (D:7)
  2 centaur zombies (D:7)
  A hound (D:6)
  A gnoll bouda (D:9)
  A jelly (D:6)
  6 orc priests
  2 iguanas
  Ijyb (D:4)
  6 orc wizards
  Terence (D:3)
  6 adders
  8 gnolls
  A river rat (Sewer)
  A shadow imp (D:7)
  A howler monkey simulacrum (D:7)
  2 ufetubi
  2 dart slugs
  25 orcs
  4 ball pythons
  4 endoplasms
  6 giant cockroaches
  6 jackals
  28 kobolds
  7 quokkas (D:3)
  2 bats
  A frilled lizard (D:1)
  5 goblins
  10 rats
  10 briar patches (Lair:3)
361 creatures vanquished.

Vanquished Creatures (others)
  7 fungi
  19 plants
  20 withered plants (D:7)
46 creatures vanquished.

Grand Total: 407 creatures vanquished

Notes
Turn   | Place    | Note
-------+----------+-------------------------------------------
     0 | D:1      | bmack86 the Minotaur Fighter began the quest for the Orb.
     0 | D:1      | Reached XP level 1. HP: 19/19 MP: 0/0
   477 | D:1      | Reached XP level 2. HP: 18/27 MP: 1/1
   613 | D:1      | Reached skill level 3 in Axes
   668 | D:1      | Found a faded altar of an unknown god.
  1083 | D:2      | Found a shimmering altar of Xom.
  1283 | D:2      | Reached XP level 3. HP: 31/33 MP: 2/2
  1519 | D:2      | Identified the +2 leather armour of the Evening {rF+}
  1692 | D:3      | Found a glowing drain.
  1758 | Sewer    | Entered a sewer
  1763 | Sewer    | Reached XP level 4. HP: 32/40 MP: 3/3
  1842 | Sewer    | Noticed a kobold brigand
  1843 | Sewer    | Noticed a kobold brigand
  1852 | Sewer    | Killed a kobold brigand
  1853 | Sewer    | Reached skill level 4 in Axes
  1853 | Sewer    | Reached XP level 5. HP: 29/47 MP: 4/4
  1996 | Sewer    | Found a white marble altar of Elyvilon.
  2363 | D:3      | Noticed Terence
  2371 | D:3      | Killed Terence
  2372 | D:3      | Reached skill level 5 in Axes
  2602 | D:4      | Noticed Ijyb
  2755 | D:4      | Killed Ijyb
  2756 | D:4      | Reached XP level 6. HP: 55/55 MP: 5/5
  2925 | D:4      | Found a staircase to the Ecumenical Temple.
  2932 | Temple   | Entered the Ecumenical Temple
  3305 | D:5      | Entered Level 5 of the Dungeon
  3426 | D:5      | Found an iron altar of Okawaru.
  3443 | D:5      | Became a worshipper of Warmaster Okawaru
  3487 | D:5      | Reached skill level 5 in Fighting
  3487 | D:5      | Reached skill level 1 in Throwing
  3487 | D:5      | Reached skill level 5 in Armour
  3487 | D:5      | Reached skill level 5 in Shields
  3562 | D:5      | Found a shimmering altar of Xom.
  3658 | D:5      | Found an ornate altar of the Wu Jian Council.
  3675 | D:5      | Reached XP level 7. HP: 33/61 MP: 6/6
  3679 | D:5      | Reached skill level 6 in Axes
  4094 | D:6      | Reached * piety under Okawaru
  4177 | D:6      | Reached skill level 7 in Axes
  4177 | D:6      | Reached XP level 8. HP: 50/70 MP: 7/7
  4341 | D:6      | Found a bloodstained altar of Trog.
  4403 | D:6      | Noticed Blork the orc
  4410 | D:6      | Killed Blork the orc
  4615 | D:6      | Reached ** piety under Okawaru
  4616 | D:6      | Reached skill level 8 in Axes
  4887 | D:6      | Noticed Sigmund
  4896 | D:6      | Killed Sigmund
  4930 | D:6      | Reached skill level 11 in Axes
  4930 | D:6      | Reached XP level 9. HP: 83/83 MP: 8/8
  5053 | D:7      | Reached skill level 12 in Axes
  5177 | D:7      | Identified the +6 dagger "Moacithy" {vamp, Fragile Int+6}
  5217 | D:7      | Reached skill level 1 in Invocations
  5223 | D:7      | Reached XP level 10. HP: 82/91 MP: 9/9
  5282 | D:7      | Found the +4 dagger "Morg" {pain, Will+ Int+5}
  5554 | D:7      | Reached *** piety under Okawaru
  5870 | D:8      | Reached **** piety under Okawaru
  6069 | D:8      | Identified the +6 plate armour "Rygosk" {*Slow Dex+6
                  | Stlth+}
  6390 | D:9      | Found a stormy altar of Qazlal.
  6496 | D:9      | Found an ancient bone altar of Kikubaaqudgha.
  6574 | D:9      | Noticed a two-headed ogre
  6589 | D:9      | Killed a two-headed ogre
  6609 | D:9      | Reached skill level 13 in Axes
  6609 | D:9      | Reached XP level 11. HP: 22/99 MP: 8/12
  6611 | D:9      | Received a gift from Okawaru
  6834 | D:9      | Noticed a two-headed ogre
  6845 | D:9      | Killed a two-headed ogre
  6846 | D:9      | Reached skill level 10 in Fighting
  6846 | D:9      | Reached skill level 5 in Throwing
  6846 | D:9      | Reached skill level 10 in Armour
  7027 | D:9      | Noticed a two-headed ogre
  7027 | D:9      | Noticed a two-headed ogre
  7032 | D:9      | Reached skill level 10 in Shields
  7036 | D:9      | Killed a two-headed ogre
  7048 | D:9      | Reached ***** piety under Okawaru
  7052 | D:9      | Killed a two-headed ogre
  7516 | D:10     | Entered Level 10 of the Dungeon
  7516 | D:10     | Noticed a deep troll
  7519 | D:10     | Noticed a two-headed ogre
  7519 | D:10     | Noticed Wiilli's ghost (journeyman GrEE)
  7547 | D:10     | Received a gift from Okawaru
  7639 | D:10     | Noticed an ogre mage
  7704 | D:10     | Killed an ogre mage
  7718 | D:10     | Identified the amulet of Simees {Spirit rCorr Str+3}
  7910 | D:10     | Found a bloodstained altar of Trog.
  7922 | D:10     | Noticed a two-headed ogre
  7942 | D:10     | Found a transporter.
  7947 | D:10     | Found a transporter.
  8077 | D:10     | Identified the +0 robe of Negy {Slay+2}
  8126 | D:10     | Reached skill level 14 in Axes
  8220 | D:10     | Found a hide-covered altar of Uskayaw.
  8463 | D:11     | Received a gift from Okawaru
  8685 | D:11     | Noticed a two-headed ogre
  8692 | D:11     | Killed a two-headed ogre
  8693 | D:11     | Reached XP level 12. HP: 35/108 MP: 6/14
  8949 | D:11     | Found a runed translucent gate.
  8949 | D:11     | Found a runed translucent gate.
  8950 | D:11     | Found a runed translucent gate.
  8950 | D:11     | Noticed OTABOTABOTAB's ghost (journeyman DrTm)
  9289 | D:11     | Found a staircase to the Lair.
  9528 | D:11     | Received a gift from Okawaru
  9529 | D:11     | Reached skill level 5 in Invocations
  9531 | D:11     | Killed OTABOTABOTAB's ghost
  9658 | D:10     | Killed a two-headed ogre
  9661 | D:10     | Reached skill level 15 in Axes
  9664 | D:10     | Killed a two-headed ogre
  9678 | D:10     | Killed Wiilli's ghost
  9976 | Lair:1   | Entered Level 1 of the Lair of Beasts
 10004 | Lair:1   | Received a gift from Okawaru
 10356 | Lair:1   | Reached XP level 13. HP: 93/116 MP: 13/16
 10793 | Lair:1   | Received a gift from Okawaru
 11240 | Lair:2   | Found a runed translucent gate.
 11240 | Lair:2   | Found a runed translucent gate.
 11242 | Lair:2   | Found a runed translucent gate.
 11282 | Lair:2   | Noticed Takou's ghost (journeyman AtFi)
 11297 | Lair:2   | Killed Takou's ghost
 11497 | Lair:2   | Found a staircase to the Swamp.
 11506 | Lair:2   | Reached skill level 16 in Axes
 11595 | Lair:2   | Identified the +1 chain mail of Amelioration {Str+6 Stlth-}
                  | (Okawaru gifted it to you on level 2 of the Lair of Beasts)
 11595 | Lair:2   | Received a gift from Okawaru
 11601 | Lair:2   | Reached ****** piety under Okawaru
 12482 | Lair:3   | Found a transporter.
 12490 | Lair:3   | Identified the +3 leather armour of Cosasuvi {Int+4}
 12543 | Lair:3   | Found a transporter.
 12927 | Lair:3   | Got Teiwuong's Vademecum on Spectres
 13206 | Lair:3   | Found a staircase to the Snake Pit.
 13447 | Lair:3   | Noticed Gastronok
 13448 | Lair:3   | Noticed Nessos
 13461 | Lair:3   | Killed Gastronok
 13467 | Lair:3   | HP: 1/119 [Nessos/arrow (14)]
 13467 | Lair:3   | Shot with an arrow by Nessos

Illustrated notes

Levels and vault maps discovered:
D:1:      dpeg_arrival_renting, layout_loops_corners,
          shapermc_ecumenical_altar_mp_vishouse
D:2:      layout_basic, basic_altar, chequers_serial_rivers_micro_b
D:3:      layout_rooms, gup_sewer_entry_pipe, grunt_ministairs_3, st_stairs_5,
          uniq_terence
D:4:      layout_rooms, minmay_temple_entry_butterflies, kennysheep_cross_room,
          minmay_misc_feat_rugged, minmay_misc_feat_diagonals,
          corexii_item_surrounded_by_moat, uniq_ijyb
D:5:      layout_cave_pools, okawaru_metal_pillars_1_2,
          mainiacjoe_overflow_six_doors_small, mainiacjoe_overflow_alcove_2
D:6:      layout_basic, trog_three_pillars_becter, hangedman_decor_points,
          minmay_stone_trees_small, uniq_blork_the_orc, uniq_sigmund
D:7:      layout_rooms, skrybe_limestone_x, chequers_garden,
          columned_hall_lemuel, dilly_guarded_unrand_morg
D:8:      layout_cave_pools
D:9:      layout_basic, mainiacjoe_overflow_catwalk,
          nicolae_qazlal_scattered_showers, minmay_starry_boxes
D:10:     layout_cave_pools, nicolae_uskayaw_murder_on_the_dancefloor,
          gammafunk_ghost_wrathful_warriors, minmay_mirror_moons_of_madness
D:11:     layout_cave_pools, erik_lair_dragon, gammafunk_ghost_nasty_kobolds,
          dk_vineyard_1
Temple:   minmay_freezing_vapour_temple
Lair:1:   layout_gridlike, grunt_megastairs_2
Lair:2:   layout_long_grid, skrybe_swamp_entry_bodies,
          ebering_ghost_rock_garden, small_statue_intersection,
          serial_bayou_shore_a
Lair:3:   gammafunk_worm_tunnel, layout_layer_cave, dummy_snake_entry,
          lemuel_old_faithful, uniq_gastronok, uniq_nessos

Skill      XL: |  1  2  3  4  5  6  7  8  9 10 11 12 13 |
---------------+----------------------------------------+-----
Axes           | 3 4 5 7 11 12 13 14 15 16 | 16.5
Fighting       | 4 5 9 10 11 12 | 12.4
Armour         | 4 5 9 10 11 12 | 12.4
Shields        | 4 5 9 10 11 12 | 12.3
Throwing       | 1 2 3 4 6 7 8 |  8.1
Invocations    | 1 2 4 6 7 |  7.1

Action                   |  1- 3 |  4- 6 |  7- 9 | 10-12 | 13-15 || total
-------------------------+-------+-------+-------+-------+-------++-------
Melee: War axe           |    66 |    97 |   119 |   267 |       ||   549
       Headbutt          |     7 |    19 |    24 |    74 |    36 ||   160
       Unarmed           |       |     5 |       |       |       ||     5
       Broad axe         |       |       |       |    73 |   163 ||   236
       Battleaxe         |       |       |       |       |    12 ||    12
Throw: Dart              |       |     8 |       |       |     2 ||    10
Invok: Heroism           |       |       |     1 |    10 |     2 ||    13
       Finesse           |       |       |       |     3 |     2 ||     5
  Use: Scroll            |     4 |     4 |     9 |    11 |     4 ||    32
       Potion            |       |     1 |     2 |       |     3 ||     6
Armor: Chain mail        |    10 |       |       |       |       ||    10
       Scale mail        |     2 |       |       |       |       ||     2
       Plate armour      |    29 |    49 |    87 |   190 |   148 ||   503
Dodge: Dodged            |    24 |    36 |    41 |   104 |    80 ||   285
Block: Buckler           |    23 |    33 |    98 |   212 |    74 ||   440
       Reflection        |       |       |     1 |     5 |       ||     6

Table legend: (Time is in decaauts)
 A = Elapsed time spent in this place.
 B = Non-inter-level travel time spent in this place.
 C = Inter-level travel time spent in this place.
 D = Time resting spent in this place.
 E = Time spent auto-exploring this place.
 F = Levels seen in this place.
 G = Mean time per level.
                   A        B        C        D        E       F      G
               +--------+--------+--------+--------+--------+-----+--------+
         Total |  13502 |  13209 |    293 |    877 |   8134 |  16 |  843.9 |
       Dungeon |   9621 |   9328 |    293 |    508 |   6088 |  11 |  874.6 |
        Temple |      1 |      1 |      0 |      0 |      0 |   1 |    1.0 |
          Lair |   3493 |   3493 |      0 |    252 |   1941 |   3 | 1164.3 |
         Sewer |    385 |    385 |      0 |    117 |    104 |   1 |  385.0 |
               +--------+--------+--------+--------+--------+-----+--------+

Top non-repeatable levels by time:
  Lair:1: 1251 daAuts
    D:11: 1243 daAuts
    D:10: 1161 daAuts
  Lair:3: 1133 daAuts
     D:9: 1109 daAuts
  Lair:2: 1109 daAuts
     D:1: 1075 daAuts
     D:6: 1022 daAuts
     D:3: 844 daAuts
     D:7: 788 daAuts
     D:5: 670 daAuts
     D:8: 617 daAuts
     D:4: 590 daAuts
     D:2: 496 daAuts
   Sewer: 385 daAuts
